 Dungeon Crawl Stone Soup version 0.22.1-1-ga44c0e5 (webtiles) character file.

394812 Wastrel the Eclecticist (level 22, -1/163 HPs)
             Began as a Demonspawn Wanderer on Sept 23, 2018.
             Was the Champion of Ashenzari.
             Slain by a deep elf blademaster
             ... wielding a +1 antimagic rapier
              (11 damage)
             ... on level 3 of the Elven Halls on Sept 25, 2018.
             The game lasted 14:01:50 (60273 turns).

Wastrel the Eclecticist (Demonspawn Wanderer)      Turns: 60273, Time: 14:01:52

Health: -1/163     AC: 13    Str: 14    XL:     22   Next: 16%
Magic:  0/43       EV: 24    Int: 22    God:    Ashenzari [******]
Gold:   535        SH: 17    Dex: 21    Spells: 4/56 levels left

rFire    + . .     SeeInvis +   w - +9 rapier (drain) (curse)
rCold    + + .     Gourm    +   a - +3 shield {rPois} (curse)
rNeg     + . .     Faith    .   s - +4 troll leather armour (curse)
rPois    +         Spirit   +   g - +2 helmet {SInv} (curse)
rElec    .         Reflect  .   b - scarf {repulsion} (curse)
rCorr    .         Harm     .   (gloves unavailable)
MR       +....     Clarity  +   E - +1 pair of boots "Ponopn" {Slay+3} (curse)
Stlth    +++++++++.             I - amulet of the gourmand (curse)
HPRegen  0.77/turn              Z - ring of protection from fire (curse)
MPRegen  0.56/turn              o - ring of stealth (curse)

@: about to teleport, repel missiles
A: claws 3, talons 1, thin skeletal structure 3, cold resistance 2, negative
energy resistance 1, powered by pain 2, strong 1, magic shield, magic
regeneration, magic link
}: 2/15 runes: serpentine, barnacled
a: Curse Item, Scrying, Transfer Knowledge, Renounce Religion


You were on level 3 of the Elven Halls.
You worshipped Ashenzari.
Ashenzari was exalted by your worship.
You were full.

You visited 10 branches of the dungeon, and saw 41 of its levels.
You visited the Abyss 3 times.
You also visited: Ossuary, Bailey, Ice Cave and Volcano.

You collected 5487 gold pieces.
You spent 4952 gold pieces at shops.

Inventory:

Hand Weapons
 w - a cursed +9 rapier of draining (weapon)
Missiles
 c - 8 exploding tomahawks
 J - 33 javelins of penetration (quivered)
Armour
 a - a cursed +3 shield of poison resistance (worn)
 b - a cursed scarf of repulsion (worn)
 g - a cursed +2 helmet of see invisible (worn)
 s - a cursed +4 troll leather armour (worn)
 E - the cursed +1 pair of boots "Ponopn" (worn) {Slay+3}
   (You found it in a volcano)

   It affects your accuracy and damage with ranged weapons and melee attacks
   (+3).
   It has a curse placed upon it.
 P - a +2 cloak of invisibility
Jewellery
 o - a cursed ring of stealth (right claw)
 I - a cursed amulet of the gourmand (around neck)
 Z - a cursed ring of protection from fire (left claw)
Wands
 l - a wand of enslavement (13)
 q - a wand of disintegration (43)
 y - a wand of iceblast (27)
Scrolls
 i - a scroll of summoning
 n - 7 scrolls of magic mapping
 p - 15 scrolls of teleportation
 r - 3 scrolls of identify
 t - 6 scrolls of immolation
 v - a scroll of amnesia
 D - a scroll of remove curse
 M - 5 scrolls of fear
 N - a scroll of enchant weapon
 V - 4 scrolls of blinking
 W - 5 scrolls of fog
Potions
 d - 12 potions of agility
 h - a potion of mutation
 k - 6 potions of cancellation
 x - 6 potions of brilliance
 z - 7 potions of flight
 A - 10 potions of curing
 B - 2 potions of invisibility
 C - a potion of resistance
 F - a potion of magic
 H - 4 potions of haste
 K - a potion of lignification
 L - 6 potions of might
 U - a potion of berserk rage
Miscellaneous
 e - a sack of spiders
 m - a phial of floods (inert)
 u - a lamp of fire (inert)
 G - a lightning rod (4/4)
 O - 2 boxes of beasts
 T - 2 phantom mirrors
Comestibles
 f - 54 rations
 j - 6 chunks of flesh


   Skills:
 + Level 11.1 Fighting
 - Level 9.9(14.2) Short Blades
 - Level 1.1 Throwing
 + Level 9.4(13.7) Dodging
 + Level 12.8(16.9) Stealth
 - Level 12.3(15.0) Shields
 * Level 17.5 Spellcasting
 * Level 14.3(18.3) Conjurations
 + Level 12.9(17.0) Hexes
 - Level 3.0(6.8) Charms
 - Level 1.0(3.5) Necromancy
 - Level 1.1(3.7) Translocations
   Level 0.9(3.3) Transmutations
 - Level 9.4(13.7) Fire Magic
 - Level 13.6(17.7) Ice Magic
 - Level 5.0(9.4) Air Magic
 + Level 6.8(11.3) Evocations


You had 4 spell levels left.
You knew the following spells:

 Your Spells              Type           Power        Failure   Level  Hunger
b - Animate Skeleton      Necr           N/A          1%          1    None
c - Fulminant Prism       Conj/Hex       #######...   1%          4    None
d - Orb of Destruction    Conj           #######...   1%          7    ######.
e - Metabolic Englaciati  Hex/Ice        #######...   1%          5    #......
i - Freezing Cloud        Conj/Ice/Air   ######....   1%          6    ####...
k - Sticky Flame          Conj/Fire      ######..     1%          4    None
l - Blink                 Tloc           N/A          1%          2    None
n - Inner Flame           Hex/Fire       ######..     1%          3    None
o - Ozocubu's Armour      Chrm/Ice       ######..     1%          3    None
s - Ensorcelled Hibernat  Hex/Ice        ######       0%          2    None
u - Tukima's Dance        Hex            #######.     0%          3    None
w - Slow                  Hex            #######.     0%          2    None
z - Throw Icicle          Conj/Ice       #######.     1%          4    None
V - Invisibility          Hex            #######.     1%          6    ####...

Your spell library contained the following spells:

 Spells                   Type           Power        Failure   Level  Hunger
 Confusing Touch          Hex            ######       0%          1    None
 Corona                   Hex            #######      0%          1    None
 Flame Tongue             Conj/Fire      #####        0%          1    None
 Magic Dart               Conj           ####         0%          1    None
 Searing Ray              Conj           ######       0%          2    None
 Throw Flame              Conj/Fire      ######       0%          2    None
 Confuse                  Hex            #######.     0%          3    None
 Conjure Flame            Conj/Fire      ######..     0%          3    None
 Dazzling Spray           Conj/Hex       ######       0%          3    None
 Apportation              Tloc           #####.       1%          1    None
 Beastly Appendage        Tmut           ####..       1%          1    None
 Pain                     Necr           ####         1%          1    None
 Sting                    Conj/Pois      ####         1%          1    None
 Poisonous Vapours        Pois/Air       #####.       1%          2    None
 Sticks to Snakes         Tmut           ####....     1%          2    None
 Sublimation of Blood     Necr           ####......   1%          2    None
 Swiftness                Chrm/Air       ######..     1%          2    None
 Ignite Poison            Fire/Tmut/Pois #####...     1%          3    None
 Mephitic Cloud           Conj/Pois/Air  ######..     1%          3    None
 Regeneration             Chrm/Necr      #####.....   1%          3    None
 Stone Arrow              Conj/Erth      ######       1%          3    None
 Ice Form                 Ice/Tmut       ######..     1%          4    None
 Leda's Liquefaction      Hex/Erth       ######....   1%          4    None
 Summon Ice Beast         Ice/Summ       ######..     1%          4    None
 Sandblast                Erth           ###...       2%          1    None
 Summon Small Mammal      Summ           ###.         2%          1    None
 Passwall                 Tmut/Erth      ####....     2%          2    None
 Gell's Gravitas          Tloc           #####.....   2%          3    None
 Vampiric Draining        Necr           ####......   2%          3    None
 Call Imp                 Summ           ###.....     4%          2    None
 Spider Form              Tmut/Pois      ####......   4%          3    None
 Summon Lightning Spire   Summ/Air       #####...     4%          4    None
 Passage of Golubria      Tloc           N/A          8%          4    None
 Animate Dead             Necr           N/A          9%          4    None
 Petrify                  Tmut/Erth      ####....     16%         4    None
 Fireball                 Conj/Fire      ######....   1%          5    #......
 Irradiate                Conj/Tmut      ######....   1%          5    #......
 Iskenderun's Battlesphe  Conj/Chrm      ######..     1%          5    #......
 Silence                  Hex/Air        ######....   1%          5    #......
 Yara's Violent Unravell  Hex/Tmut       ######....   1%          5    #......
 Conjure Ball Lightning   Conj/Air       ######....   1%          6    ####...
 Darkness                 Hex            #######...   1%          6    ####...
 Iron Shot                Conj/Erth      ######....   11%         6    ####...
 Deflect Missiles         Chrm/Air       ######....   19%         6    ####...
 Blade Hands              Tmut           ####......   26%         5    #......
 Alistair's Intoxication  Tmut/Pois      ####....     41%         5    #......
 Ring of Flames           Chrm/Fire      ######....   41%         7    ######.
 Lee's Rapid Deconstruct  Erth           ###.......   58%         5    #......
 Statue Form              Tmut/Erth      ####.....    94%         6    ####...
 Dragon Form              Tmut           ####......   100%        7    ######.
 Tornado                  Air            ######....   100%        9    #######


Dungeon Overview and Level Annotations

Branches:
Dungeon (15/15)            Temple (1/1) D:5            Lair (6/6) D:9
 Shoals (4/4) Lair:3        Snake (4/4) Lair:2        Slime (1/5) Lair:6
    Orc (2/2) D:11            Elf (3/3) Orc:2        Vaults (4/5) D:13
  Crypt (0/3) Vaults:3     Depths (1/5) D:15

Altars:
Ashenzari
Cheibriados
Dithmenos
Elyvilon
Fedhas
Gozag
Hepliaklqana
Kikubaaqudgha
Makhleb
Nemelex Xobeh
Okawaru
Qazlal
Ru
Sif Muna
Trog
Uskayaw
Vehumet
Wu Jian
Xom
Yredelemnul
Zin
The Shining One
Beogh
Jiyva

Shops:
D:9 :   D:11 [   Orc:2 [*%=%   Elf:3 ?   Shoals:3 *   Shoals:4 }(%?   Snake:2 =
Snake:4 [??

Annotations:
D:3 Sigmund


Innate Abilities, Weirdness & Mutations

You have claws for hands.
You have an unnaturally thin skeletal structure. (Dex +6, Stealth++)
You resist negative energy. (rN+)
You sometimes gain power by taking damage.
When hurt, damage is shared between your health and your magic reserves.
You regenerate magic rapidly.
When low on magic, you restore magic in place of health.
You have sharp toenails.
Your flesh is very cold resistant. (rC++)
Your muscles are strong. (Str +2)


Message History

You block the deep elf blademaster's attack.
The deep elf blademaster hits you with an antimagic rapier!
* * * LOW HITPOINT WARNING * * *
You feel your power leaking away.
Your deep elf blademaster closely misses the deep elf blademaster. x2
There is an open door, spattered with blood here.
Press: ? - help, v - describe, . - travel
Here: a deep elf blademaster, wielding two antimagic rapiers, wearing a ring The floor, spattered with blood.
Evoke which item? (* to show all) (? for menu, Esc to quit)
Aim the phial where?
Press: ? - help, Shift-Dir - straight line, f - deep elf blademaster
Aim: a deep elf blademaster, wielding two antimagic rapiers, wearing a ring The torrent of water hits the deep elf blademaster.
The deep elf blademaster is heavily wounded.
The wave splashes down.
The water rises up and takes form.
You hear a shout! x10
You block the deep elf blademaster's attack.
The deep elf blademaster hits you with an antimagic rapier!
You die...

,, ,* ∆∆∆∆, ,##...).##,,, ∆, ,*,
,* ∆∆∆,, #%..⌠.)(# ,,∆ , , ∆
*##[.)..## ,** , ,, ∆ * ##...## *
∆** {*,,, ############%#####* **
* ''** ,, +........#)..{...#...,,
,,, *,,,,#........'.%()...'....,
,, ,#.....≈≈≈#.......#....,
,,,,,*'**#######@####)######'##**
, ,, ', .....≈≈eE≈..........{ , ,
, ,' ,,.....≈≈esE.......... , ,,
,############')###############
##≈≈≈≈≈≈≈≈≈≈§§)§≈≈≈≈≈≈≈≈≈≈≈≈≈≈
####≈≈≈≈≈≈≈≈≈≈≈≈.a≈≈≈≈≈≈≈≈≈≈≈≈≈≈≈
≈≈≈≈≈≈(.......§......)...........
≈≈≈≈......%...§§§.§.[............
.......).........................


You could see a deep elf blademaster (invisible), a friendly deep elf
blademaster (invisible), 2 friendly water elementals, a friendly soldier ant and
a friendly redback.

Vanquished Creatures
  Vashnia (Snake:3)
  Saint Roka (Snake:3)
  A tentacled monstrosity (Vaults:3)
  A lich (Vaults:4)
  2 deep elf blademasters
  Polyphemus (Shoals:2)
  2 sphinxes
  A tengu reaver (Vaults:3)
  Frances (Snake:1)
  A storm dragon (Vaults:4)
  Kirke (D:14)
  7 nagarajas
  Gastronok (Lair:1)
  7 vault wardens
  2 deep elf sorcerers (Elf:3)
  2 orc warlords
  A fire giant (Vaults:4)
  4 frost giants
  A deep elf elementalist (Elf:2)
  14 ironheart preservers
  The ghost of GreatCaesar the Eclecticist, a journeyman DESu of Ashenzari (Shoals:3)
  4 stone giants
  An entropy weaver (Vaults:4)
  A very ugly thing (Vaults:4)
  9 deep elf demonologists
  A vampire knight (Vaults:3)
  4 deep elf annihilators
  Nessos (D:15)
  Azrael (Elf:2)
  4 ettins
  2 eidola (Vaults:3)
  Snorg (D:10)
  2 deep elf death magi
  3 merfolk javelineers
  6 fire dragons
  10 merfolk impalers
  3 deep elf high priests (Elf:3)
  6 yaktaur captains
  A rakshasa (Depths:1)
  A great orb of eyes (Vaults:4)
  12 vault guards
  13 naga warriors
  An ice dragon (Vaults:3)
  20 anacondas
  8 hydras
  4 merfolk avatars
  2 death knights
  2 catoblepae
  38 two-headed ogres
  An alligator snapping turtle (Shoals:2)
  4 centaur warriors
  3 death yaks (Shoals:2)
  28 dancing weapons
  6 merfolk aquamancers
  15 ogre magi
  3 satyrs
  9 shock serpents
  A queen ant (Lair:3)
  5 deep troll earth magi
  A thrashing horror (Abyss:2)
  2 orc high priests
  The ghost of Nevar the Carver, a novice OpAs of Dithmenos (D:8)
  16 deep elf knights
  A hell knight (Volcano)
  6 salamander mystics
  Sonja (D:11)
  12 naga sharpshooters
  A sun demon (Volcano)
  2 fire crabs (Abyss:3)
  9 skeletal warriors
  A shadow wraith (Vaults:3)
  5 sea snakes
  A flayed ghost (Vaults:3)
  7 deep trolls
  7 unseen horrors
  A spatial maelstrom (Abyss:3)
  A glowing orange brain (Vaults:2)
  13 deep elf archers
  A swamp dragon (Abyss:3)
  5 wizards
  An obsidian statue (Shoals:3)
  66 deep elf magi
  9 naga ritualists
  13 ironbrand convokers
  4 lindwurms (Snake:4)
  13 orc knights
  A shadow dragon zombie (Vaults:4)
  A sphinx zombie (Vaults:4)
  5 phantasmal warriors
  An orb spider (shapeshifter) (Vaults:3)
  3 necromancers
  Pikel (D:5)
  19 harpies
  7 cyclopes
  13 mana vipers
  3 orc sorcerers
  8 ugly things
  A salamander (shapeshifter) (Vaults:2)
  An oklob plant (Lair:3)
  6 fauns
  11 salamanders
  2 wolf spiders (Vaults:3)
  15 manticores
  A worldbinder (Abyss:2)
  A stone giant skeleton (Vaults:4)
  5 merfolk sirens
  5 elephants
  A moth of wrath (shapeshifter) (Elf:1)
  8 vault sentinels
  A fire giant skeleton (Vaults:4)
  9 guardian serpents
  8 water nymphs
  2 ice statues
  Psyche (D:11)
  2 smoke demons (Abyss:3)
  25 naga magi
  32 black mambas
  A torpor snail (Lair:4)
  2 molten gargoyles (Volcano)
  2 gargoyles (D:13)
  6 spiny frogs
  A kobold demonologist (D:10)
  A yaktaur zombie (Vaults:4)
  A centaur skeleton (D:15)
  2 rime drakes
  A yaktaur (shapeshifter) (Vaults:2)
  An efreet (D:15)
  7 komodo dragons
  24 yaktaurs
  16 freezing wraiths
  2 ice devils (D:15)
  3 meliai (Lair:4)
  3 red devils (Volcano)
  A queen bee (Lair:4)
  7 wind drakes
  2 wind drakes (shapeshifter)
  22 merfolk
  6 hornets
  3 polar bears
  3 trolls
  18 slime creatures
  8 blink frogs
  2 wolf spider simulacra (IceCv)
  4 raiju
  15 snapping turtles
  6 hippogriffs
  18 dream sheep
  A frost giant simulacrum (Vaults:2)
  A stone giant simulacrum (Vaults:4)
  3 large abominations
  8 air elementals
  A redback (Vaults:4)
  13 water elementals
  A spriggan (shapeshifter) (Elf:1)
  12 spriggans (Lair:6)
  A vampire (D:12)
  6 basilisks
  5 wraiths
  5 shadows
  10 fire elementals
  4 hogs (D:14)
  A human (D:14)
  3 wyverns
  34 yaks
  2 hungry ghosts
  2 fire bats (Volcano)
  A small abomination (Abyss:2)
  Grum (D:10)
  A steam dragon (D:10)
  A spatial vortex (Abyss:3)
  5 wargs
  29 nagas
  3 hell hounds (Elf:2)
  20 soldier ants (Lair:3)
  A floating eye (Vaults:3)
  13 water moccasins
  8 porcupines
  Duvessa (D:5)
  A hornet zombie (D:8)
  67 orc warriors
  A slave (D:5)
  A black bear (shapeshifter) (Vaults:3)
  4 sky beasts
  5 black bears
  2 phantoms
  An eye of draining (D:14)
  15 ice beasts
  49 ogres
  50 wolves
  22 centaurs
  3 boggarts (Lair:6)
  A human skeleton (Vaults:4)
  A big kobold (D:12)
  15 crocodiles
  18 bullfrogs
  A gnoll sergeant (D:9)
  2 earth elementals
  A scorpion (shapeshifter) (Vaults:2)
  3 scorpions
  Dowan (D:5)
  3 wyvern skeletons (D:13)
  35 killer bees
  12 wights
  7 electric eels
  2 howler monkeys
  4 crimson imps
  4 centaur zombies
  4 lava snakes (Volcano)
  A bullfrog zombie (D:10)
  A quasit (D:10)
  5 draconian simulacra (IceCv)
  8 hounds
  3 jellies
  Crazy Yiuf (D:5)
  24 orc priests
  3 bullfrog skeletons
  6 iguanas
  18 orc wizards
  A polar bear simulacrum (IceCv)
  6 hell rats
  23 worker ants
  A wolf simulacrum (IceCv)
  2 spriggan simulacra (IceCv)
  A killer bee zombie (D:7)
  3 troll simulacra (IceCv)
  A big kobold zombie (Ossuary)
  7 centaur simulacra (IceCv)
  A hound skeleton (D:7)
  8 mummies (Ossuary)
  Robin (D:2)
  2 naga simulacra (IceCv)
  18 adders
  19 gnolls
  An ogre simulacrum (IceCv)
  4 shadow imps
  12 white imps (IceCv)
  An ufetubus (Abyss:2)
  2 oozes
  3 adder skeletons
  4 worms
  3 dart slugs
  4 leopard geckos
  118 orcs
  A ball python (D:2)
  9 bats
  6 giant cockroaches
  39 goblins
  24 hobgoblins
  22 jackals
  4 quokkas
  5 frilled lizards
  2 gnoll zombies (Ossuary)
  A hobgoblin zombie (Ossuary)
  2 jackal skeletons
  8 kobolds
  A kobold zombie (Ossuary)
  A leopard gecko zombie (D:6)
  3 orc zombies (Ossuary)
  8 rats
  A fulminant prism (Abyss:3)
  2 fungi
  9 plants
1872 creatures vanquished.

Vanquished Creatures (collateral kills)
  Nikola (Vaults:3)
  A tengu reaver (Vaults:3)
  Ilsuiw (Shoals:2)
  2 nagarajas
  A deep elf sorcerer (Vaults:1)
  A vault warden (Vaults:4)
  An entropy weaver (Vaults:2)
  2 stone giants
  A merfolk impaler (Shoals:4)
  An ettin (Vaults:3)
  A naga warrior (Snake:1)
  A merfolk avatar (Shoals:3)
  An ogre mage (D:13)
  3 two-headed ogres
  A satyr (Shoals:4)
  A dancing weapon (Elf:2)
  2 naga sharpshooters
  A glowing orange brain (Vaults:3)
  3 sea snakes
  An orc knight (Orc:1)
  2 ironbrand convokers
  4 harpies
  3 deep elf magi
  A cyclops (D:13)
  2 oklob plants (Lair:2)
  3 manticores
  A slime creature (Vaults:1)
  A faun (Shoals:2)
  A salamander (Snake:1)
  A naga mage (Snake:2)
  2 vault sentinels
  3 water nymphs
  2 spiny frogs
  A yaktaur (Vaults:3)
  A freezing wraith (Vaults:4)
  5 merfolk
  3 wind drakes
  A hornet (Lair:6)
  4 dream sheep
  An air elemental (Elf:3)
  A water elemental (Shoals:3)
  3 spriggans (Lair:6)
  2 redbacks (Vaults:2)
  9 yaks
  A basilisk (Lair:4)
  A naga (Snake:4)
  A porcupine (D:9)
  A water moccasin (Lair:2)
  A black bear (Lair:6)
  2 orc warriors
  9 wolves
  2 ogres
  3 centaurs
  A bullfrog (shapeshifter) (Vaults:3)
  A bullfrog (D:15)
  An earth elemental (Elf:2)
  An electric eel (D:13)
  A howler monkey (D:10)
  A wight (D:12)
  A bullfrog zombie (D:9)
  3 orc priests
  2 orc wizards
  A worker ant (Lair:3)
  A hell rat (Lair:5)
  2 gnolls (D:9)
  12 orcs
  A goblin (Bailey)
  A hobgoblin (Bailey)
  A jackal (D:9)
  A butterfly (Lair:5)
  8 fungi
  10 plants
155 creatures vanquished.

Vanquished Creatures (others)
  An ironheart preserver (Vaults:3)
  An orc sorcerer (Orc:2)
  6 dancing weapons
  A slave (D:6)
  2 orc warriors
  A worm (D:5)
  An orc (Elf:1)
  3 bushes
  A demonic plant (Abyss:2)
  38 fulminant prisms
  35 fungi
  17 plants
107 creatures vanquished.

Grand Total: 2134 creatures vanquished

Notes
Turn   | Place    | Note
-------+----------+-------------------------------------------
     0 | D:1      | Wastrel the Demonspawn Wanderer began the quest for the
                  | Orb.
     0 | D:1      | Wastrel set off with: a potion of lignification, a +0 short
                  | sword, a +0 robe, a ration
     0 | D:1      | Reached XP level 1. HP: 19/19 MP: 2/2
    28 | D:1      | Learned a level 1 spell: Flame Tongue
   173 | D:1      | Gained mutation: You sometimes gain a little power by
                  | taking damage. [demonic ancestry]
   173 | D:1      | Reached XP level 2. HP: 21/25 MP: 1/3
   635 | D:1      | Reached skill level 1 in Conjurations
  1188 | D:2      | Reached XP level 3. HP: 30/30 MP: 0/5
  1668 | D:2      | Reached skill level 1 in Shields
  2366 | D:2      | Gained mutation: You have a somewhat thin skeletal
                  | structure. (Dex +2, Stealth) [demonic ancestry]
  2366 | D:2      | Reached XP level 4. HP: 32/37 MP: 6/6
  3190 | D:2      | Noticed Robin
  3242 | D:2      | HP: 1/38 [goblin/dagger[Robin] (2)]
  3615 | D:2      | Killed Robin
  4438 | D:2      | Gained mutation: You have a moderately thin skeletal
                  | structure. (Dex +4, Stealth+) [demonic ancestry]
  4438 | D:2      | Reached XP level 5. HP: 43/43 MP: 7/7
  4522 | D:3      | Noticed Sigmund
  5043 | D:3      | Found a glowing golden altar of the Shining One.
  5189 | D:3      | Found an ancient bone altar of Kikubaaqudgha.
  5196 | D:3      | Found a snail-covered altar of Cheibriados.
  5203 | D:3      | Found an opulent altar of Gozag.
  5219 | D:3      | Found a burning altar of Makhleb.
  5224 | D:3      | Found a blossoming altar of Fedhas.
  5332 | D:3      | Found an ornate altar of the Wu Jian Council.
  5535 | D:4      | Reached skill level 2 in Spellcasting
  5851 | D:4      | Reached XP level 6. HP: 46/49 MP: 9/9
  6310 | D:5      | Entered Level 5 of the Dungeon
  6391 | D:5      | Found a staircase to the Ecumenical Temple.
  6404 | D:5      | Noticed an ice beast
  6413 | D:5      | Killed an ice beast
  6413 | D:5      | Reached XP level 7. HP: 44/55 MP: 10/10
  6499 | D:5      | Noticed Dowan
  6500 | D:5      | Noticed Duvessa
  6505 | D:5      | Killed Dowan
  6520 | D:5      | Killed Duvessa
  6690 | D:5      | Found a runed door.
  6717 | Temple   | Entered the Ecumenical Temple
  6885 | Temple   | Became a worshipper of Ashenzari the Shackled
  6949 | Temple   | Learned a level 2 spell: Ensorcelled Hibernation
  6953 | Temple   | Learned a level 3 spell: Tukima's Dance
  7095 | D:5      | Noticed Crazy Yiuf
  7100 | D:5      | Killed Crazy Yiuf
  7191 | D:5      | Noticed Pikel
  7360 | D:5      | Killed Pikel
  7360 | D:5      | Reached skill level 3 in Spellcasting
  7360 | D:5      | Reached skill level 1 in Ice Magic
  7360 | D:5      | Gained mutation: You have sharp fingernails. [demonic
                  | ancestry]
  7360 | D:5      | Reached XP level 8. HP: 20/61 MP: 12/12
  7811 | D:5      | Learned a level 3 spell: Conjure Flame
  7815 | D:5      | Learned a level 3 spell: Dazzling Spray
  8085 | D:6      | Reached * piety under Ashenzari
  8809 | D:7      | Found a hide-covered altar of Uskayaw.
  8845 | D:7      | Noticed an unseen horror
  8865 | D:7      | Killed an unseen horror
  8865 | D:7      | Reached skill level 4 in Spellcasting
  8865 | D:7      | Gained mutation: When hurt, damage is shared between your
                  | health and your magic reserves. [demonic ancestry]
  8865 | D:7      | Reached XP level 9. HP: 21/66 MP: 11/15
  9273 | D:7      | Reached ** piety under Ashenzari
  9387 | D:7      | Reached skill level 1 in Dodging
  9387 | D:7      | Reached skill level 5 in Spellcasting
  9990 | D:8      | Reached skill level 5 in Hexes
  9996 | D:8      | Reached skill level 5 in Conjurations
 10243 | D:8      | Found a sand-covered staircase.
 10274 | Ossuary  | Entered an ossuary
 10609 | Ossuary  | Learned a level 1 spell: Beastly Appendage
 10611 | Ossuary  | Learned a level 1 spell: Animate Skeleton
 11121 | D:8      | Gained mutation: You have very sharp fingernails. [demonic
                  | ancestry]
 11121 | D:8      | Reached XP level 10. HP: 73/73 MP: 18/18
 11222 | D:8      | Found a runed door.
 11228 | D:8      | Noticed Nevar's ghost (novice OpAs)
 11237 | D:8      | Killed Nevar's ghost
 11237 | D:8      | Reached skill level 1 in Necromancy
 11297 | D:8      | Learned a level 3 spell: Mephitic Cloud
 11381 | D:9      | Noticed a two-headed ogre
 11388 | D:9      | Killed a two-headed ogre
 11388 | D:9      | Reached skill level 5 in Stealth
 11392 | D:9      | Learned a level 2 spell: Blink
 11411 | D:9      | Reached *** piety under Ashenzari
 11457 | D:9      | Found Gomuth's Book Emporium.
 11493 | D:9      | Reached skill level 6 in Spellcasting
 11500 | D:9      | Reached skill level 5 in Fighting
 11525 | D:9      | Noticed a two-headed ogre
 11540 | D:9      | Killed a two-headed ogre
 11785 | D:9      | Found a staircase to the Lair.
 12131 | Lair:1   | Entered Level 1 of the Lair of Beasts
 12142 | Lair:1   | Noticed a spiny frog
 12155 | Lair:1   | Killed a spiny frog
 12155 | Lair:1   | Reached skill level 5 in Short Blades
 12181 | Lair:1   | Noticed a black mamba
 12189 | Lair:1   | Killed a black mamba
 12269 | Lair:1   | Found a dark tunnel.
 12277 | Volcano  | Entered a volcano
 12520 | Volcano  | Reached **** piety under Ashenzari
 12602 | Volcano  | Reached XP level 11. HP: 80/80 MP: 21/21
 12642 | Volcano  | Found a bloodstained altar of Trog.
 12642 | Volcano  | Noticed a sun demon
 12642 | Volcano  | Noticed a red ugly thing
 12644 | Volcano  | Killed a red ugly thing
 12647 | Volcano  | Killed a sun demon
 12648 | Volcano  | Reached skill level 7 in Spellcasting
 12652 | Volcano  | Noticed a hell knight
 12655 | Volcano  | Killed a hell knight
 12703 | Volcano  | Identified the +1 pair of boots "Ponopn" {Slay+3}
 13058 | Lair:1   | Learned a level 2 spell: Slow
 13063 | Lair:1   | Learned a level 4 spell: Sticky Flame
 13156 | Lair:1   | Reached skill level 1 in Poison Magic
 13456 | Lair:1   | Noticed Gastronok
 13474 | Lair:1   | Killed Gastronok
 13474 | Lair:1   | Reached skill level 1 in Translocations
 14157 | D:10     | Entered Level 10 of the Dungeon
 14299 | D:10     | Noticed Grum
 14568 | D:10     | Noticed an unseen horror
 14575 | D:10     | Killed an unseen horror
 14575 | D:10     | Reached skill level 1 in Evocations
 14631 | D:10     | Noticed a four-headed hydra
 14633 | D:10     | Killed a four-headed hydra
 14633 | D:10     | Gained mutation: You sometimes gain power by taking damage.
                  | [demonic ancestry]
 14633 | D:10     | Reached XP level 12. HP: 89/89 MP: 23/23
 14639 | D:10     | Reached skill level 8 in Spellcasting
 14675 | D:10     | Identified the cursed +0 storm dragon scales of Kosetehuce
                  | {rElec rPois}
 14747 | D:10     | Noticed Snorg
 14750 | D:10     | Killed Snorg
 14838 | D:10     | Reached ***** piety under Ashenzari
 15230 | D:10     | Killed Grum
 15375 | D:11     | Found a staircase to the Orcish Mines.
 15384 | D:11     | Found a roughly hewn altar of Beogh.
 15502 | D:11     | Noticed Sonja
 15509 | D:11     | Killed Sonja
 15599 | D:11     | Found Olaqage's Antique Armour Shop.
 15627 | D:11     | Bought a glowing scarf for 264 gold pieces
 15754 | D:11     | Noticed an eight-headed hydra
 15757 | D:11     | Killed an eight-headed hydra
 15797 | D:11     | Noticed a six-headed hydra
 15806 | D:11     | Killed a six-headed hydra
 15808 | D:11     | Noticed a seven-headed hydra
 15824 | D:11     | Killed a seven-headed hydra
 16143 | D:11     | Found a shattered altar of Ashenzari.
 16143 | D:11     | Noticed Psyche
 16148 | D:11     | Killed Psyche
 16286 | D:11     | Gained mutation: You evolve. [potion of mutation]
 16286 | D:11     | Gained mutation: You have a pair of small horns on your
                  | head. [potion of mutation]
 16286 | D:11     | Gained mutation: You are dopey. (Int -2) [potion of
                  | mutation]
 16287 | D:11     | Lost mutation: You are dopey. (Int -2) [potion of mutation]
 16287 | D:11     | Lost mutation: You have a pair of small horns on your head.
                  | [potion of mutation]
 16287 | D:11     | Lost mutation: You evolve. [potion of mutation]
 16287 | D:11     | Gained mutation: You evolve. [potion of mutation]
 16287 | D:11     | Gained mutation: Scrolls take you a little longer to read.
                  | [potion of mutation]
 16287 | D:11     | Gained mutation: Your body sometimes deteriorates upon
                  | taking damage. [potion of mutation]
 16287 | D:11     | Gained mutation: Your flesh is cold resistant. (rC+)
                  | [potion of mutation]
 17208 | Lair:2   | Reached skill level 9 in Spellcasting
 17250 | Lair:2   | Gained mutation: You regenerate magic rapidly. [demonic
                  | ancestry]
 17250 | Lair:2   | Reached XP level 13. HP: 57/96 MP: 8/26
 17691 | Lair:2   | Learned a level 3 spell: Inner Flame
 17772 | Lair:2   | Found a staircase to the Snake Pit.
 18480 | Lair:3   | Reached ****** piety under Ashenzari
 19114 | Lair:4   | Lost mutation: Scrolls take you a little longer to read.
                  | [evolution]
 19318 | Lair:4   | Reached skill level 10 in Hexes
 19329 | Lair:4   | Reached skill level 5 in Fire Magic
 20171 | Lair:3   | Found a staircase to the Shoals.
 20585 | Lair:4   | Reached skill level 10 in Stealth
 20717 | Lair:4   | Reached skill level 10 in Spellcasting
 21666 | Lair:5   | Gained mutation: You have an unnaturally thin skeletal
                  | structure. (Dex +6, Stealth++) [demonic ancestry]
 21666 | Lair:5   | Reached XP level 14. HP: 105/105 MP: 28/28
 22007 | Lair:6   | Entered Level 6 of the Lair of Beasts
 23015 | Lair:6   | Learned a level 6 spell: Freezing Cloud
 23123 | Lair:6   | Found a viscous altar of Jiyva.
 23123 | Lair:6   | Found a staircase to the Slime Pits.
 23435 | Lair:6   | Reached skill level 5 in Shields
 23788 | Lair:6   | Gained mutation: Your muscles are strong. (Str +2)
                  | [evolution]
 24145 | D:9      | Bought a book of Burglary for 975 gold pieces
 24154 | D:9      | Learned a level 6 spell: Invisibility
 25587 | D:12     | Found a deep blue altar of Sif Muna.
 26007 | D:13     | Reached skill level 5 in Ice Magic
 26040 | D:13     | Reached skill level 5 in Air Magic
 26054 | D:13     | Reached skill level 11 in Spellcasting
 26130 | D:13     | Found a gate to the Vaults.
 26425 | D:13     | Reduced skill Poison Magic to level 1
 26433 | D:13     | Learned a level 2 spell: Swiftness
 27796 | Orc:1    | Entered Level 1 of the Orcish Mines
 27796 | Orc:1    | Noticed an orc warlord
 27802 | Orc:1    | Killed an orc warlord
 27802 | Orc:1    | Reached XP level 15. HP: 97/112 MP: 22/30
 27926 | Orc:1    | Found a roughly hewn altar of Beogh.
 28301 | Orc:1    | Found a flagged portal.
 28316 | Bailey   | Entered a bailey
 28336 | Bailey   | Reached skill level 5 in Dodging
 28601 | Bailey   | Noticed an orc warlord
 28631 | Bailey   | Killed an orc warlord
 28672 | Bailey   | Identified the cursed +1 glaive "Zitefoeph" {antimagic,
                  | rElec} (You took it off an orc warrior in a bailey)
 29061 | Orc:2    | Entered Level 2 of the Orcish Mines
 29061 | Orc:2    | Found Geynupp's Jewellery Shop.
 29061 | Orc:2    | Found Myulan's Food Boutique.
 29061 | Orc:2    | Found Souxkiub's Assorted Antiques.
 29061 | Orc:2    | Found Tyonuux's Armour Emporium.
 29765 | Orc:2    | Found a staircase to the Elven Halls.
 30182 | Orc:2    | Bought a scroll of enchant armour for 180 gold pieces
 30182 | Orc:2    | Bought a scroll of remove curse for 72 gold pieces
 30182 | Orc:2    | Bought a scroll of remove curse for 72 gold pieces
 30182 | Orc:2    | Bought a pair of embroidered gloves for 180 gold pieces
 30185 | Orc:2    | Bought an uncursed ring of poison resistance for 220 gold
                  | pieces
 30260 | Orc:2    | Found Edo Dach's Food Boutique.
 30478 | D:9      | Identified 3 scrolls of acquirement
 30479 | D:9      | Identified the Collected Works on the Mutagenic Glacier
                  | (You acquired it on level 9 of the Dungeon)
 30482 | D:9      | Got the cursed pair of gloves of Peick {MR+ Dex+4}
 30495 | D:9      | Identified the cursed +1 pair of gloves of Peick {MR+
                  | Dex+4} (You acquired it on level 9 of the Dungeon)
 30784 | D:14     | Noticed Kirke
 30799 | D:14     | Killed Kirke
 31685 | D:15     | Entered Level 15 of the Dungeon
 31685 | D:15     | Noticed Nessos
 31688 | D:15     | Killed Nessos
 31710 | D:15     | Found a frozen archway.
 31750 | IceCv    | Entered an ice cave
 32171 | IceCv    | Gained mutation: Your flesh is very cold resistant. (rC++)
                  | [evolution]
 32456 | IceCv    | Found an ancient bone altar of Kikubaaqudgha.
 32619 | D:15     | Reduced skill Ice Magic to level 5
 32809 | D:15     | Reached skill level 12 in Spellcasting
 33081 | D:15     | Reduced skill Air Magic to level 5
 33250 | D:15     | Found a staircase to the Depths.
 33492 | D:15     | Learned a level 5 spell: Metabolic Englaciation
 33513 | Depths:1 | Entered Level 1 of the Depths
 33516 | Depths:1 | Noticed a frost giant
 33519 | Depths:1 | Killed a frost giant
 33519 | Depths:1 | Reached skill level 5 in Ice Magic
 33830 | Shoals:1 | Entered Level 1 of the Shoals
 33976 | Shoals:1 | Gained mutation: When low on magic, you restore magic in
                  | place of health. [demonic ancestry]
 33976 | Shoals:1 | Reached XP level 16. HP: 98/122 MP: 24/32
 34343 | Shoals:2 | Reached skill level 10 in Fighting
 34933 | Shoals:2 | Identified the +1 robe of the Depths {rPois}
 35058 | Shoals:2 | Gained mutation: You expend magic power (3 MP) to
                  | strengthen your wands. [evolution]
 35174 | Shoals:2 | Noticed Ilsuiw
 35185 | Shoals:2 | Killed Ilsuiw
 35265 | Shoals:2 | Noticed Polyphemus
 35281 | Shoals:2 | Reached skill level 10 in Shields
 35295 | Shoals:2 | Killed Polyphemus
 35663 | Shoals:3 | Found a runed gate.
 35663 | Shoals:3 | Found a runed gate.
 35663 | Shoals:3 | Found a runed gate.
 35664 | Shoals:3 | Found Nuanoa Yreps's Assorted Antiques.
 35667 | Shoals:3 | Noticed GreatCaesar's ghost (journeyman DESu)
 35669 | Shoals:3 | Found an opulent altar of Gozag.
 36050 | Shoals:3 | Found a runed door.
 36748 | Snake:1  | Entered Level 1 of the Snake Pit
 36759 | Snake:1  | Noticed Frances
 36788 | Snake:1  | Killed Frances
 37431 | Snake:1  | Gained mutation: You have claws for hands. [demonic
                  | ancestry]
 37431 | Snake:1  | Reached XP level 17. HP: 118/128 MP: 19/33
 37503 | Snake:1  | Reached skill level 13 in Spellcasting
 37509 | Snake:1  | Learned a level 4 spell: Throw Icicle
 37514 | Snake:1  | Learned a level 3 spell: Ozocubu's Armour
 38675 | Snake:2  | Found Zoynet's Jewellery Boutique.
 38825 | Snake:2  | Bought an uncursed ring of protection from fire for 275
                  | gold pieces
 39228 | Snake:3  | Noticed Saint Roka
 39249 | Snake:3  | Killed Saint Roka
 39249 | Snake:3  | Reached skill level 5 in Air Magic
 39249 | Snake:3  | Reached skill level 5 in Evocations
 40344 | Snake:3  | Noticed Vashnia
 40347 | Snake:3  | Reached skill level 14 in Spellcasting
 40700 | Snake:3  | Reached skill level 10 in Conjurations
 40768 | Snake:3  | Killed Vashnia
 41674 | Slime:1  | Entered Level 1 of the Pits of Slime
 41683 | Slime:1  | Noticed an acid blob
 41956 | Snake:4  | Entered Level 4 of the Snake Pit
 42258 | Snake:4  | Reached XP level 18. HP: 106/134 MP: 31/36
 42360 | Snake:4  | Found a white marble altar of Elyvilon.
 42554 | Snake:4  | Found Imof's Armour Boutique.
 42556 | Snake:4  | Found Cenaitoo's Magic Scroll Shop.
 42558 | Snake:4  | Found Kirybric's Magic Scroll Boutique.
 42579 | Snake:4  | Bought a scroll of acquirement for 780 gold pieces
 42579 | Snake:4  | Identified the Papyrus of Enchanting Conjuration (You
                  | acquired it on level 4 of the Snake Pit)
 42633 | Snake:4  | Lost mutation: Your body sometimes deteriorates upon taking
                  | damage. [evolution]
 43049 | Snake:4  | Reached skill level 10 in Ice Magic
 44097 | Snake:4  | Reached skill level 15 in Spellcasting
 44143 | Snake:4  | Got a serpentine rune of Zot
 44363 | Snake:4  | Bought a scroll of blinking for 120 gold pieces
 44363 | Snake:4  | Bought a scroll of blinking for 120 gold pieces
 44367 | Snake:4  | Bought a scroll of immolation for 56 gold pieces
 44503 | D:9      | Learned a level 4 spell: Fulminant Prism
 44626 | Shoals:3 | Killed GreatCaesar's ghost
 44728 | Shoals:3 | Bought a glowing shield for 142 gold pieces
 45130 | Shoals:4 | Entered Level 4 of the Shoals
 45234 | Shoals:4 | Found Dapluesm's Food Shop.
 45574 | Shoals:4 | Found Vel Sief's Weapon Shop.
 45599 | Shoals:4 | Found Saujett's Gadget Boutique.
 45642 | Shoals:4 | Identified the Grimoire of Unstable Earth
 45689 | Shoals:4 | Found Fotask's Magic Scroll Shoppe.
 45981 | Shoals:4 | Reached XP level 19. HP: 121/140 MP: 10/38
 46045 | Shoals:4 | Got a barnacled rune of Zot
 46918 | Vaults:1 | Entered Level 1 of the Vaults
 47315 | Vaults:1 | Paralysed by an ogre mage for 4 turns
 47384 | Vaults:1 | Gained mutation: You tend to lose your temper in combat.
                  | [mutagenic glow]
 47717 | Vaults:1 | Cast into level 2 of the Abyss (a deep elf sorcerer)
 47867 | Vaults:1 | Escaped the Abyss
 48375 | Vaults:1 | Cast into level 2 of the Abyss (a wizard)
 48414 | Abyss:2  | Found a corrupted altar of Lugonu.
 48451 | Abyss:2  | Noticed a bone dragon
 48640 | Vaults:1 | Escaped the Abyss
 50572 | Vaults:2 | Reached skill level 16 in Spellcasting
 51604 | Vaults:3 | Gained mutation: You resist negative energy. (rN+) [demonic
                  | ancestry]
 51604 | Vaults:3 | Reached XP level 20. HP: 86/147 MP: 4/40
 52092 | Vaults:3 | Lost mutation: Your muscles are strong. (Str +2)
                  | [evolution]
 52428 | Vaults:3 | Found a staircase to the Crypt.
 53482 | Vaults:3 | Learned a level 7 spell: Orb of Destruction
 53538 | Vaults:3 | Identified the cursed +0 plate armour of Hedonism {Dex+2}
 53891 | Vaults:3 | Noticed Nikola
 53914 | Vaults:3 | Killed Nikola
 54769 | Vaults:4 | HP: 3/147 [blizzard demon/the air[a lich] (7)]
 55299 | Vaults:4 | Reached XP level 21. HP: 153/153 MP: 33/41
 56162 | Vaults:4 | Reached skill level 1 in Charms
 56443 | Vaults:4 | Gained mutation: You have sharp toenails. [evolution]
 56443 | Vaults:4 | Lost mutation: You evolve. [end of evolution]
 56981 | Shoals:4 | Bought a scroll of acquirement for 936 gold pieces
 57022 | Shoals:4 | Bought a lightning rod (4/4) for 560 gold pieces
 57297 | Elf:1    | Entered Level 1 of the Elven Halls
 57531 | Elf:1    | Reached skill level 17 in Spellcasting
 58621 | Elf:2    | Found a huge runed gate.
 58621 | Elf:2    | Found a huge runed gate.
 58621 | Elf:2    | Found a huge runed gate.
 58621 | Elf:2    | Found a huge runed gate.
 58621 | Elf:2    | Found a huge runed gate.
 58651 | Elf:2    | Noticed Azrael
 58657 | Elf:2    | Killed Azrael
 59316 | Elf:3    | Entered Level 3 of the Elven Halls
 59316 | Elf:3    | Found Doggoal's Magic Scroll Boutique.
 59390 | Elf:3    | Lost mutation: You tend to lose your temper in combat.
                  | [potion of mutation]
 59390 | Elf:3    | Lost mutation: You expend magic power (3 MP) to strengthen
                  | your wands. [potion of mutation]
 59390 | Elf:3    | Lost mutation: Your flesh is very cold resistant. (rC++)
                  | [potion of mutation]
 59390 | Elf:3    | Gained mutation: Your flesh is very cold resistant. (rC++)
                  | [potion of mutation]
 59390 | Elf:3    | Gained mutation: Your muscles are strong. (Str +2) [potion
                  | of mutation]
 59934 | Elf:3    | Reached XP level 22. HP: 149/161 MP: 31/43
 60047 | Elf:3    | Cast into level 2 of the Abyss (a deep elf demonologist)
 60136 | Elf:3    | Escaped the Abyss
 60231 | Elf:3    | Identified the cursed +1 hand axe of Xiss {drain, Int+4
                  | Dex+4} (You took it off a deep elf sorcerer on level 3 of
                  | the Elven Halls)
 60273 | Elf:3    | Slain by a deep elf blademaster

Skill      XL: |  1  2  3  4  5  6  7  8  9 10 11 12 13 14 15 16 17 18 19 20 21 22 |
---------------+-------------------------------------------------------------------+-----
Conjurations   | 1 2 3 4 5 6 7 8 9 10 11 12 13 14 | 14.3
Shields        | 1 2 3 4 5 9 11 12 | 12.3
Spellcasting   | 2 3 4 5 6 7 9 10 11 12 14 15 16 17 | 17.5
Fire Magic     | 2 3 4 5 6 7 8 9 |  9.4
Short Blades   | 2 3 4 5 6 7 8 9 |  9.9
Stealth        | 2 3 4 6 7 9 10 11 12 | 12.8
Hexes          | 2 4 5 6 8 9 10 11 12 | 12.9
Ice Magic      | 1 2 3 5 6 9 11 12 13 | 13.6
Dodging        | 2 3 4 5 6 7 8 9 |  9.4
Necromancy     | 1 |  1.0
Fighting       | 5 6 7 8 9 10 11 | 11.1
Poison Magic   | 2 3 0 |  0.0
Translocations | 1 |  1.1
Evocations     | 1 2 3 5 6 |  6.8
Air Magic      | 3 6 3 5 |  5.0
Charms         | 3 |  3.0
Throwing       | |  1.1
Transmutations | |  0.9

Action                   |  1- 3 |  4- 6 |  7- 9 | 10-12 | 13-15 | 16-18 | 19-21 | 22-24 || total
-------------------------+-------+-------+-------+-------+-------+-------+-------+-------++-------
Melee: Short sword       |   147 |    11 |       |       |       |       |       |       ||   158
       Battleaxe         |     7 |    59 |       |       |       |       |       |       ||    66
       Dagger            |       |    81 |       |       |       |       |       |       ||    81
       Rapier            |       |    55 |   327 |   417 |  1372 |   652 |   893 |    58 ||  3774
Throw: Tomahawk          |       |       |       |       |       |     1 |       |       ||     1
       Javelin           |       |       |       |       |       |       |    12 |       ||    12
 Cast: Flame Tongue      |    27 |    27 |    25 |    26 |    72 |     6 |       |       ||   183
       Tukima's Dance    |       |       |     4 |     5 |    17 |     7 |    18 |       ||    51
       Dazzling Spray    |       |       |     1 |     3 |     1 |       |       |       ||     5
       Ensorcelled Hiber |       |       |     1 |     1 |    12 |    12 |     5 |       ||    31
       Conjure Flame     |       |       |     1 |     2 |       |       |       |       ||     3
       Animate Skeleton  |       |       |       |    44 |   145 |   119 |   117 |     3 ||   428
       Mephitic Cloud    |       |       |       |     8 |    41 |     2 |       |       ||    51
       Slow              |       |       |       |     3 |    20 |     4 |     8 |       ||    35
       Sticky Flame      |       |       |       |     1 |    36 |     7 |    21 |       ||    65
       Blink             |       |       |       |     1 |     5 |     2 |    12 |       ||    20
       Inner Flame       |       |       |       |       |    53 |    39 |    87 |     1 ||   180
       Freezing Cloud    |       |       |       |       |    12 |    88 |   105 |     4 ||   209
       Swiftness         |       |       |       |       |     3 |       |       |       ||     3
       Invisibility      |       |       |       |       |     9 |     7 |    15 |       ||    31
       Metabolic Englaci |       |       |       |       |     1 |    31 |    17 |     1 ||    50
       Throw Icicle      |       |       |       |       |       |    95 |    68 |     1 ||   164
       Ozocubu's Armour  |       |       |       |       |       |    12 |    14 |     5 ||    31
       Fulminant Prism   |       |       |       |       |       |    11 |    27 |     3 ||    41
       Orb of Destructio |       |       |       |       |       |       |    62 |    14 ||    76
Invok: Curse Item        |       |       |     6 |     2 |     3 |     3 |       |       ||    14
       Scrying           |       |       |       |     1 |       |       |       |       ||     1
       Transfer Knowledg |       |       |       |       |     3 |       |       |       ||     3
 Abil: Stop Flying       |       |       |       |     1 |       |       |       |       ||     1
       Evoke Flight      |       |       |       |     1 |       |       |       |       ||     1
Evoke: Wand              |       |       |       |       |       |    10 |     2 |       ||    12
       Box of beasts     |       |       |       |       |       |     1 |     1 |       ||     2
       Lamp of fire      |       |       |       |       |       |     1 |     1 |     1 ||     3
       Phial of floods   |       |       |       |       |       |       |     2 |     1 ||     3
       Lightning rod     |       |       |       |       |       |       |     2 |       ||     2
       Sack of spiders   |       |       |       |       |       |       |       |     1 ||     1
       Phantom mirror    |       |       |       |       |       |       |       |     1 ||     1
  Use: Potion            |     2 |     1 |       |     8 |     7 |     9 |    15 |     1 ||    43
       Scroll            |       |     2 |    14 |     9 |    28 |    10 |     6 |     3 ||    72
 Stab: Sleeping          |     2 |     8 |    31 |    40 |    72 |    57 |    71 |       ||   281
       Distracted        |       |       |     1 |     5 |    12 |     9 |     9 |       ||    36
       Confused          |       |       |       |     9 |    16 |       |       |       ||    25
       Invisible         |       |       |       |       |    33 |    18 |    51 |       ||   102
  Eat: Chunk             |     6 |    13 |    12 |     9 |    71 |    58 |    86 |     5 ||   260
       Ration            |       |       |     2 |     3 |     1 |     4 |     1 |       ||    11
Armor: Robe              |    46 |    16 |       |       |       |       |       |       ||    62
       Skin              |    16 |       |       |     4 |       |       |       |       ||    20
       Leather armour    |       |    45 |    58 |    56 |   177 |       |       |       ||   336
       Troll leather arm |       |       |       |       |    46 |    84 |    79 |     9 ||   218
Dodge: Dodged            |   103 |   136 |   101 |   196 |   688 |   381 |   372 |    28 ||  2005
       Deflected         |       |       |       |       |    29 |    51 |    36 |     1 ||   117
Block: Buckler           |       |    20 |    79 |   116 |   409 |   200 |       |       ||   824
       Shield            |       |       |       |       |       |   112 |   520 |    49 ||   681
